 Dungeon Sprint DCSS version 0.21-a0-401-g0b6bec4 (webtiles) character file.

111 Amnesiac the Digger (level 4, 9/30 HPs)
             Began as a Demonspawn Earth Elementalist on Oct 21, 2017.
             Quit the game in the Dungeon (Sprint I: "Red Sonja").
             The game lasted 00:00:53 (93 turns).

Amnesiac the Digger (Demonspawn Earth Elementalist)   Turns: 93, Time: 00:00:54

Health: 9/30       AC:  3    Str:  8    XL:     4   Next: 62%
Magic:  2/11       EV: 12    Int: 17    God:
Gold:   0          SH:  0    Dex: 14    Spells: 12/13 levels left

rFire    . . .     SeeInvis .   (no weapon)
rCold    . . .     Gourm    .   (no shield)
rNeg     . . .     Faith    .   c - +0 robe
rPois    .         Spirit   .   (no helmet)
rElec    .         Reflect  .   (no cloak)
rCorr    .         Harm     .   (no gloves)
MR       .....     NoTele   +   (no boots)
Stlth    ++........             (no amulet)
HPRegen  0.10/turn              (no ring)
MPRegen  0.12/turn              (no ring)

@: no status effects
A: claws 1, rugged brown scales 1, rot immunity
a: no special abilities


You were in the Dungeon.
You were not hungry.

You visited 1 branch

Inventory:

Missiles
 b - 22 stones (quivered)
Armour
 a - a +4 ring mail of cold resistance
 c - a +0 robe (worn)
Scrolls
 j - a scroll of blinking {!r}
Potions
 e - a potion of curing {!q}
 f - a potion of heal wounds {!q}
 g - a potion of haste {!q}
 h - 2 potions of magic {!q}
Books
 k - a book of Geomancy

   Spells                             Type                      Level
   a - Sandblast                      Earth                        1
   b - Passwall                       Transmutation/Earth          2
   c - Stone Arrow                    Conjuration/Earth            3
   d - Petrify                        Transmutation/Earth          4
   e - Lee's Rapid Deconstruction     Earth                        5
Comestibles
 d - a bread ration


   Skills:
 - Level 1.7 Dodging
 - Level 1.7 Stealth
 + Level 5.2 Spellcasting
   Level 0.8 Transmutations
 * Level 7.4 Earth Magic


You had 12 spell levels left.
You knew the following spells:

 Your Spells              Type           Power        Failure   Level  Hunger
a - Sandblast             Erth           ####..       1%          1    None


Dungeon Overview and Level Annotations

Branches:
Dungeon (1/1)

Altars:


Innate Abilities, Weirdness & Mutations

You have sharp fingernails.
You are partially covered in rugged brown scales. (AC +1, +3% HP)
You are immune to rotting.


Message History

You feel yourself speed up.
You start resting.
Magic restored.
You start resting.
You recover from your berserk rage.
You start resting.
Magic restored.
You start resting.
HP restored.
You open the door.
An ogre comes into view. It is wielding a giant club.
Throwing (i - inventory):
b - 27 stones (quivered)
Press: ? - help, Shift-Dir - straight line, f - ogre
Aim: an ogre, wielding a giant club (resting)
You throw a stone. The stone completely misses the ogre.
The ogre shouts!
Casting: Sandblast
Confirm with . or Enter, or press ? or * to list all spells.
Aiming: Sandblast
Press: ? - help, Shift-Dir - straight line, f/p - ogre
Aim: an ogre, wielding a giant club The blast of sand hits the ogre.
The ogre is moderately wounded.
b - 25 stones Unknown command.
Casting: Sandblast
Confirm with . or Enter, or press ? or * to list all spells.
Aiming: Sandblast
Press: ? - help, Shift-Dir - straight line, f/p - ogre
Aim: an ogre, wielding a giant club (moderately wounded)
The blast of sand hits the ogre.
The ogre is severely wounded.
b - 24 stones Unknown command.
Casting: Sandblast
Confirm with . or Enter, or press ? or * to list all spells.
Aiming: Sandblast
Press: ? - help, Shift-Dir - straight line, f/p - ogre
Aim: an ogre, wielding a giant club (severely wounded)
The blast of sand hits the ogre.
The ogre is severely wounded.
b - 23 stones The ogre hits you with a giant club!
Ouch! That really hurt!
* * * LOW HITPOINT WARNING * * *
Casting: Sandblast
Confirm with . or Enter, or press ? or * to list all spells.
Aiming: Sandblast
Press: ? - help, Shift-Dir - straight line, f/p - ogre
Aim: an ogre, wielding a giant club (severely wounded)
The blast of sand hits the ogre.
You kill the ogre!
Your Spellcasting skill gained 2 levels and is now at level 5!
Your Earth Magic skill gained 2 levels and is now at level 7!
You have reached level 3!
Your experience leads to an increase in your attributes!
Increase (S)trength, (I)ntelligence, or (D)exterity?
You feel clever.
Your demonic ancestry asserts itself...
Rugged brown scales grow over part of your body.
You have reached level 4!
You feel agile.
Your demonic ancestry asserts itself...
Your fingernails lengthen.
b - 22 stones Are you sure you want to abandon this character and quit the game? (Confirm with "yes".)

##########
#<.#@)'..#
#..'..#.(+
#..#### #
#..# #..#
#..# #⌠⌠#
####


There were no monsters in sight!

Vanquished Creatures
  An ogre (D)
  Ijyb (D)
2 creatures vanquished.

Notes
Turn   | Place    | Note
-------+----------+-------------------------------------------
     0 | D        | Amnesiac the Demonspawn Earth Elementalist began the quest for the Orb.
     0 | D        | Reached XP level 1. HP: 13/13 MP: 3/3
     1 | D        | Noticed Ijyb
    21 | D        | Killed Ijyb
    21 | D        | Reached skill level 5 in Earth Magic
    21 | D        | Gained mutation: You are immune to rotting. [demonic ancestry]
    21 | D        | Reached XP level 2. HP: 19/19 MP: 1/6
    87 | D        | Noticed an ogre
    92 | D        | Killed an ogre
    92 | D        | Reached skill level 5 in Spellcasting
    92 | D        | Reached skill level 7 in Earth Magic
    92 | D        | Gained mutation: You are partially covered in rugged brown scales. (AC +1, +3% HP) [demonic ancestry]
    92 | D        | Reached XP level 3. HP: 7/24 MP: 2/9
    92 | D        | Gained mutation: You have sharp fingernails. [demonic ancestry]
    92 | D        | Reached XP level 4. HP: 9/30 MP: 2/11
    93 | D        | Quit the game

Vault maps used:
D:        dungeon_sprint_1

Skill      XL: |  1  2 |
---------------+-------+-----
Spellcasting   | 3 5 |  5.2
Earth Magic    | 5 7 |  7.4
Dodging        | |  1.7
Stealth        | |  1.7
Transmutations | |  0.8

Action                   |  1- 3 |  4- 6 || total
-------------------------+-------+-------++-------
Melee: Unarmed           |    16 |       ||    16
Throw: Stone             |     1 |       ||     1
 Cast: Sandblast         |     6 |     1 ||     7
  Use: Potion            |     1 |       ||     1
Armor: Robe              |     2 |       ||     2
Dodge: Dodged            |     5 |       ||     5

Table legend:
 A = Spawn XP
 B = Non-spawn XP
 C = Spawn XP percentage of total XP
 D = Spawn monster count
 E = Non-spawn monster count
 F = Spawn count percentage of total count
 G = Total turns spent on level
                    A         B        C        D         E        F      G
               +---------+---------+-------+---------+---------+-------+---------
         Total |       0 |     159 |   0.0 |       0 |       2 |   0.0 |    93
               +---------+---------+-------+---------+---------+-------+---------
             D |       0 |     159 |   0.0 |       0 |       2 |   0.0 |    93
               +---------+---------+-------+---------+---------+-------+---------
